 Dungeon Crawl Stone Soup version 0.21-a0-150-gc243083 (webtiles) character file.

51 Chaoticas the Poker (level 3, 0/27 HPs)
             Began as a Merfolk Skald on July 28, 2017.
             Succumbed to an adder's poison
             ... on level 1 of the Dungeon.
             The game lasted 00:04:08 (1340 turns).

Chaoticas the Poker (Merfolk Skald)                 Turns: 1340, Time: 00:04:08

Health: 0/27       AC:  3    Str: 12    XL:     3   Next: 83%
Magic:  6/6        EV: 12    Int: 12    God:
Gold:   33         SH:  0    Dex: 13    Spells: 5/6 levels left

rFire    . . .     SeeInvis .   a - +0 spear
rCold    . . .     Gourm    .   (no shield)
rNeg     . . .     Faith    .   b - +0 leather armour
rPois    .         Spirit   .   (no helmet)
rElec    .         Reflect  .   (no cloak)
rCorr    .         Harm     .   (no gloves)
MR       .....                  (no boots)
Stlth    +.........             (no amulet)
HPRegen  0.09/turn              (no ring)
MPRegen  0.10/turn              (no ring)

@: lethally poisoned (0 -> -1)
A: change form in water, swift swim, stealthy swim
a: no special abilities


You were on level 1 of the Dungeon.
You were hungry.

You visited 1 branch of the dungeon, and saw 2 of its levels.

You collected 33 gold pieces.

Inventory:

Hand Weapons
 a - a +0 spear (weapon)
Missiles
 h - 4 tomahawks (quivered)
Armour
 b - a +0 leather armour (worn)
Scrolls
 e - 3 scrolls of identify {unknown}
 g - 2 scrolls of remove curse {unknown}
 i - 2 scrolls of teleportation {unknown}
 j - a scroll of enchant weapon {unknown}
Books
 c - a book of Battle

   Spells                             Type                      Level
   a - Infusion                       Charms                       1
   b - Shroud of Golubria             Charms/Translocation         2
   c - Song of Slaying                Charms                       2
   d - Spectral Weapon                Hexes/Charms                 3
   e - Regeneration                   Charms/Necromancy            3
Comestibles
 d - a bread ration
 f - 4 chunks of flesh


   Skills:
 - Level 2.1 Fighting
 * Level 5.1 Polearms
 - Level 0.6 Armour
 - Level 2.6 Dodging
 - Level 2.3 Spellcasting
 - Level 3.5 Charms


You had 5 spell levels left.
You knew the following spells:

 Your Spells              Type           Power        Failure   Level  Hunger
a - Infusion              Chrm           ##..         8%          1    ##.....


Dungeon Overview and Level Annotations

Branches:
Dungeon (2/15)

Altars:


Message History

You barely miss the adder. The adder closely misses you.
You hit the adder.
The adder is moderately wounded.
The adder bites you.
You barely miss the adder.
The adder is moderately wounded.
The adder closely misses you.
You hit the adder.
The adder is heavily wounded.
The adder bites you.
You barely miss the adder.
The adder is heavily wounded.
The goblin shouts!
The adder closely misses you. The adder bites you.
You hit the adder.
The adder is almost dead.
The adder bites you.
You are poisoned.
The adder poisons you!
Your magical contamination has completely faded away.
You barely miss the adder.
The adder is almost dead.
You feel sick. The adder bites you but does no damage.
You hit the adder.
The adder is almost dead.
The adder barely misses you. The adder misses you.
You hit the adder.
You kill the adder!
Your Polearms skill increases to level 5!
You feel sick.
The goblin shoots a stone.
The stone barely misses you.
Things that are here:
an adder corpse; a leopard gecko skeleton The goblin shoots a stone.
The stone hits you!
* * * LOW HITPOINT WARNING * * *
You see here a stone.
The goblin shoots a stone.
The stone hits you.
* * * LOW HITPOINT WARNING * * *
You see here a stone.
* * * LOW HITPOINT WARNING * * *
You feel sick.
The goblin shoots a stone.
The stone barely misses you.
You see here a stone.
* * * LOW HITPOINT WARNING * * *
You feel sick.
There is a stone staircase leading up here.
You climb upwards.
There is a stone staircase leading down here.
You aren't carrying any potions.
You aren't carrying any potions.
There is a lethal amount of poison in your body!
You die...

#############
###...........#
..............#
..............#
..............#
.....##########
.....#######
..........(#######
................@#
.....####..#####.#
.....# #..# #.#
.....# ##.# #.#
###### #.# ###.#
#.# #...# #.#
#.#.#
#.###.#.#######
###..##.#.......#


There were no monsters in sight!

Vanquished Creatures
  An adder (D:2)
  An ooze (D:1)
  2 leopard geckos
  8 bats (D:1)
  2 giant cockroaches (D:1)
  2 goblins (D:1)
  2 hobgoblins (D:1)
  4 jackals (D:1)
  2 frilled lizards (D:1)
  6 kobolds (D:1)
  4 rats (D:1)
34 creatures vanquished.

Notes
Turn   | Place    | Note
-------+----------+-------------------------------------------
     0 | D:1      | Chaoticas the Merfolk Skald began the quest for the Orb.
     0 | D:1      | Reached XP level 1. HP: 16/16 MP: 3/3
   188 | D:1      | Reached XP level 2. HP: 22/22 MP: 1/5
   447 | D:1      | Reached skill level 4 in Polearms
   461 | D:1      | HP: 11/22 [jackal (1)]
   521 | D:1      | HP: 11/22 [ooze (4)]
   604 | D:1      | HP: 10/22 [rat (2)]
   605 | D:1      | Reached XP level 3. HP: 12/27 MP: 6/6
  1328 | D:2      | Reached skill level 5 in Polearms
  1328 | D:2      | HP: 13/27 [poisoned by an adder]
  1330 | D:2      | HP: 6/27 [goblin/stone (7)]
  1332 | D:2      | HP: 2/27 [poisoned by an adder]
  1340 | D:1      | Succumbed to an adder's poison

Vault maps used:
D:1:      elethiomel_arrival_maze
D:2:      lemuel_coloured_pillars_altar, lemuel_crystal_altar, first_bread,
          minmay_gold_behind_fungi

Skill      XL: |  1  2  3 |
---------------+----------+-----
Polearms       | 4 5 |  5.1
Fighting       | |  2.1
Armour         | |  0.6
Dodging        | |  2.6
Spellcasting   | |  2.3
Charms         | |  3.5

Action                   || total
-------------------------++-------
Melee: Spear             ||   154
 Cast: Infusion          ||     2
  Eat: Chunk             ||     1
Armor: Leather armour    ||    35
Dodge: Dodged            ||   101
